 Dungeon Crawl Stone Soup version 0.20.1-1-g8b1a95d (webtiles) character file.

242 torrenera the Ruffian (level 6, -1/51 HPs)
             Began as a Ghoul Monk on Oct 6, 2017.
             Killed from afar by a wretched star (28 damage)
             ... with an orb of energy
             ... on level 1 of the Abyss.
             The game lasted 00:07:41 (3409 turns).

torrenera the Ruffian (Ghoul Monk)                  Turns: 3409, Time: 00:07:41

Health: -1/51      AC:  9    Str: 17    XL:     6   Next: 9%
Magic:  5/5        EV: 11    Int:  5    God:
Gold:   203        SH:  0    Dex: 11    Spells: 5/5 levels left

rFire    . . .     SeeInvis .     - Unarmed
rCold    + . .     Gourm    .   (no shield)
rNeg     + + +     Faith    .   c - +0 ring mail
rPois    ∞         Spirit   .   l - +2 hat
rElec    .         Reflect  .   n - +1 cloak
rCorr    .         Harm     .   (no gloves)
MR       .....                  (no boots)
Stlth    +.........             (no amulet)
Regen    0.0/turn               (no ring)
MPRegen  0.1/turn               (no ring)

@: rotting
A: rotting body, claws 1, carnivore 3, cold resistance 1, negative energy
resistance 3, inhibited regeneration, torment resistance, unbreathing
a: no special abilities


You were on level 1 of the Abyss.
You were hungry.

You visited 1 branch of the dungeon, and saw 5 of its levels.
You visited the Abyss 1 time.

You collected 203 gold pieces.

Inventory:

Hand Weapons
 o - a +0 blowgun
Missiles
 a - 166 stones (quivered)
 p - 31 poisoned needles
 r - 4 javelins
Armour
 c - a +0 ring mail (worn)
 l - a +2 hat (worn)
 n - a +1 cloak (worn)
 u - a +2 hat
Jewellery
 s - a cursed -3 ring of intelligence {unknown}
Scrolls
 g - 4 scrolls of remove curse {unknown}
 h - a scroll of fog {unknown}
 i - a scroll of enchant armour {unknown}
 j - 3 scrolls of identify {unknown}
 m - 2 scrolls of teleportation {unknown}
 t - a scroll of blinking {unknown}
 v - a scroll of immolation {unknown}
Potions
 d - a potion of curing {unknown}
 e - a potion of magic {unknown}
 f - a potion of brilliance {unknown}
 q - a potion of cancellation {unknown}
 w - a potion of might {unknown}
 x - 2 potions of haste {unknown}
Comestibles
 b - a meat ration
 k - 6 royal jellies


   Skills:
 - Level 3.2 Fighting
 - Level 2.6 Dodging
 - Level 2.1 Stealth
 + Level 7.2 Unarmed Combat


You had 5 spell levels left.
You didn't know any spells.

Dungeon Overview and Level Annotations

Branches:
Dungeon (5/15)             Temple (0/1) D:5

Altars:
Fedhas
Ru
Uskayaw
Yredelemnul

Annotations:
D:5 Dowan, Duvessa


Innate Abilities, Weirdness & Mutations

Your body is rotting away.
You thrive on raw meat.
You are immune to poison.
You have sharp fingernails.
You are carnivorous and can eat meat at any time.
Your flesh is cold resistant. (rC+)
You are immune to negative energy. (rN+++)
You do not regenerate when monsters are visible.
You are immune to unholy pain and torment.
You can survive without breathing.


Message History

Dowan, Brother of Duvessa comes into view.
He is wielding a dagger.
Dowan shouts!
Dowan points at something and mumbles some strange words.
Duvessa hits you but does no damage. Space bends around you.
Dowan gestures wildly while chanting.
Dowan blinks!
Duvessa hits you but does no damage.
You are cast into the Abyss!
To return, you must find a gate leading back.
Killing monsters will force the Abyss to allow you passage.
This branch contains the abyssal rune of Zot.
Found a glowing brown potion.
f - a glowing brown potion Unknown command.
A wretched star comes into view.
The wretched star glows turbulently.
The orb of energy hits you!
The wretched star glows turbulently.
The orb of energy hits you!
Ouch! That really hurt!
You die...

#.. . ... # ##
##.##.##..#
#.##... ## ##..#
#########..#####
........#......#
#.....##.#.. #
#....*...# .##
#....#@### .#
....#.###.# #
#..... ..# #..##
.#.# # #.≈.. #
≈## ≈ ##


You could see a wretched star.

Vanquished Creatures
  An iguana (D:5)
  2 orc wizards
  A worker ant (D:4)
  3 adders (D:4)
  A howler monkey skeleton (D:4)
  3 worms
  A dart slug (D:2)
  4 leopard geckos
  7 orcs
  10 bats
  5 giant cockroaches
  8 goblins
  8 hobgoblins
  6 jackals (D:2)
  5 kobolds
  3 quokkas
  4 ball pythons
  5 frilled lizards
  4 rats
81 creatures vanquished.

Notes
Turn   | Place    | Note
-------+----------+-------------------------------------------
     0 | D:1      | torrenera the Ghoul Monk began the quest for the Orb.
     0 | D:1      | Reached XP level 1. HP: 19/19 MP: 0/0
     6 | D:1      | Noticed a lindwurm
     6 | D:1      | Noticed a salamander
     6 | D:1      | Noticed a redback
     7 | D:1      | Noticed a crocodile
     7 | D:1      | Noticed a polar bear
   292 | D:1      | Reached XP level 2. HP: 26/26 MP: 1/1
   331 | D:1      | Reached skill level 4 in Unarmed Combat
   952 | D:2      | Reached XP level 3. HP: 31/31 MP: 2/2
  1210 | D:2      | Found a basalt altar of Yredelemnul.
  1284 | D:2      | Reached skill level 5 in Unarmed Combat
  1600 | D:3      | Reached XP level 4. HP: 32/38 MP: 3/3
  2401 | D:3      | Reached skill level 6 in Unarmed Combat
  2421 | D:3      | Found a hide-covered altar of Uskayaw.
  2576 | D:4      | Reached XP level 5. HP: 37/44 MP: 4/4
  2586 | D:4      | Found a sacrificial altar of Ru.
  2986 | D:4      | Reached skill level 7 in Unarmed Combat
  3104 | D:5      | Entered Level 5 of the Dungeon
  3132 | D:5      | Found a staircase to the Ecumenical Temple.
  3154 | D:5      | Reached XP level 6. HP: 19/51 MP: 5/5
  3358 | D:5      | Found a blossoming altar of Fedhas.
  3358 | D:5      | Noticed Duvessa
  3362 | D:5      | Noticed Dowan
  3371 | D:5      | Cast into level 1 of the Abyss (Duvessa)
  3395 | Abyss:1  | Noticed a starcursed mass
  3405 | Abyss:1  | Noticed a wretched star
  3409 | Abyss:1  | Killed from afar by a wretched star

Skill      XL: |  1  2  3  4  5 |
---------------+----------------+-----
Unarmed Combat | 4 5 6 7 |  7.2
Fighting       | |  3.2
Dodging        | |  2.6
Stealth        | |  2.1

Action                   |  1- 3 |  4- 6 || total
-------------------------+-------+-------++-------
Melee: Unarmed           |   155 |   144 ||   299
       Punch             |       |     4 ||     4
 Stab: Sleeping          |     1 |       ||     1
  Eat: Chunk             |     5 |     3 ||     8
Armor: Ring mail         |    77 |    53 ||   130
       Robe              |     4 |       ||     4
Dodge: Dodged            |   126 |    72 ||   198
